Zazza, neutral female human Tourist -------------- ##.............| # |............| --------- ### |..........<.| |`....... #`#f#######%#.............| |.....`...... ##@####### |............| | ----- ------------+- Zazza the Rambler Experience level: 1 Strength: 14 Dexterity: 11 Constitution: 15 Intelligence: 11 Wisdom: 8 Charisma: 18 Health: 0(19) Energy: 2(2) Def: 5 Gold: 1327 Moves: 6680 Dungeon seed: OaDCav7TFgt7q-h_ Game ID: Zazza_1619255298 Your Inventory: Coins $ - 1327 gold pieces Amulets b - an uncursed amulet versus poison (being worn) Weapons a - 38 +2 darts p - a +0 orcish dagger (weapon in hand) Armor r - an uncursed +0 orcish helm (being worn) y - a blessed +1 pair of high boots (being worn) z - an uncursed +0 elven cloak (being worn) Comestibles c - 3 uncursed food rations U - 4 cursed tripe rations Rings h - an uncursed ring of levitation q - a blessed +4 ring of increase accuracy (on right hand) Y - an uncursed ring of polymorph control (on left hand) Tools j - an expensive camera (0:71) k - an uncursed credit card t - an uncursed towel G - an uncursed leather drum Spells and supernatural/magical abilities: Name Level Category Fail Memory W - pray for help -- divine ? -- Your skills at the end: Fighting Skills Weapon Skills dart [Basic] Spellcasting Skills Final Attributes: You were nominally aligned. You were poison resistant. You were stealthy. You had a +4 bonus to hit. You had polymorph control. You are dead. Vanquished creatures: a ghost a small mimic 2 shriekers a black naga hatchling a homunculus 4 giant bats a dwarf zombie a werejackal 3 iguanas 2 coyotes a gas spore 2 hobbits 2 manes 2 large kobolds 2 hobgoblins 2 giant rats 3 cave spiders 2 brown molds 4 yellow molds 8 geckos 13 jackals 4 foxes 3 kobolds 4 goblins 5 sewer rats 15 grid bugs 13 lichens a kobold zombie 12 newts 115 creatures vanquished. Voluntary challenges: You used a wielded weapon 1 time, starting on turn 6653. You read items or engraved 15 times, starting on turn 644. You never genocided any monsters. You never polymorphed an object. You never changed form. You used no wishes. You never split a pudding. You wrote Elbereth's name 9 times, starting on turn 1404. You never violated your personal moral code. Dungeon overview: The Dungeons of Doom: levels 1 to 7 Level 1 a fountain, a sink a long staircase Level 2 a scroll shop, an altar to The Lady Level 3 Level 4 a jewelry store stairs to The Gnomish Mines Level 5 a potion shop Level 6 a general store Level 7 <- You were here The Gnomish Mines: Level 5 stairs to The Dungeons of Doom History has recorded: On T:1 you entered the Dungeons of Doom to retrieve the Amulet of Yendor! On T:495 you reached level 2 of The Dungeons of Doom. On T:827 you reached level 3 of The Dungeons of Doom. On T:1494 you reached level 4 of The Dungeons of Doom. On T:2011 you reached level 1 of The Gnomish Mines. On T:2638 you reached level 5 of The Dungeons of Doom. On T:4217 you reached level 6 of The Dungeons of Doom. On T:5905 you reached level 7 of The Dungeons of Doom. Score breakdown: Gold: 1092 (10336 points) Experience: 1 level ( 0 points) Exploration: 7 levels ( 14.29%) (10606 points) Discoveries: 17 items ( 5.70%) ( 7165 points) Valuables value: (no points given unless you survive) Artifact value: 0 ( 0 points) Variety of kills: 29 monsters ( 7.61%) ( 8276 points) Turncount: 6680 turns (-1782 points) Survival: died (score multiplied by 80%) Total score: 27680 Latest messages: Armand bites the giant bat. The giant bat is killed! You take off your ring of levitation. You float gently to the floor. Something is written here in the dust. You read: "Elbereth". You are now wearing a ring of polymorph control. You displace Armand. You see here a dwarf corpse. Armand devours a cursed tripe ration. You hear some noises. The black naga hatchling bites! Armand bites the black naga hatchling. The black naga hatchling is killed! You see here a black naga hatchling corpse. You have a very bad case of stomach acid. You die... Final status: Aloha Zazza the Tourist, killed by an acidic corpse... You died in The Dungeons of Doom on dungeon level 7 with 27680 points, and 1327 pieces of gold, after 6680 moves. You were level 1 with a maximum of 19 hit points when you died.